 Dungeon Crawl Stone Soup version 0.27-a0-604-g29a88b33a7 (webtiles) character file.

Game seed: 7370174507647302065

109354 ReteAZ the Covert (level 16, -7/125 HPs)
             Began as a Gnoll Wanderer on Mar 12, 2021.
             Was a High Priest of Cheibriados.
             Shot with an arrow by a satyr (28 damage)
             ... on level 3 of the Shoals.
             The game lasted 00:52:20 (28642 turns).

ReteAZ the Covert (Gnoll Wanderer)                 Turns: 28642, Time: 00:52:21

Health: -7/125     AC: 13    Str: 25    XL:     16   Next: 52%
Magic:  8/30       EV: 13    Int: 29    God:    Cheibriados [*****.]
Gold:   1606       SH:  0    Dex: 34    Spells: 25/36 levels left

rFire    + + .     SeeInvis .   h - +4 demon trident (drain)
rCold    . . .     Faith    .   v - +0 buckler
rNeg     . . .     Spirit   .   J - +0 troll leather armour
rPois    .         Reflect  .   L - +2 helmet
rElec    .         Harm     .   (no cloak)
rCorr    .         Rampage  .   p - +0 pair of gloves
Will     .....                  D - +1 pair of boots
Stlth    ++++++....             F - amulet of magic regeneration
HPRegen  1.30/turn              t - ring of protection from fire
MPRegen  0.47/turn              V - ring of the Crown {Wiz *Corrode rF+ Dex+7}

@: weak-willed, held, very slow
A: fangs 1, strong nose, distributed training
a: Renounce Religion, Bend Time, Temporal Distortion, Slouch, Step From Time


You were on level 3 of the Shoals.
You worshipped Cheibriados.
Cheibriados was extremely pleased with you.
You visited 4 branches of the dungeon, and saw 22 of its levels.
You also visited: Volcano.

You collected 1866 gold pieces.
You spent 260 gold pieces at shops.

Inventory:

Hand Weapons
 e - a +2 demon trident of draining
 h - a +4 demon trident of draining (weapon)
 l - the +3 falchion of Equivalence {drain, +Blink rElec rN+ Dex-2}
   (You found it on level 1 of the Shoals)

   A truly terrible weapon, it drains the life of those it strikes.
   It affects your dexterity (-2).
   It insulates you from electricity.
   It protects you from negative energy.
   It lets you blink.
 U - the +4 whip of the Ship {vamp, rC++ MP-9}
   (You found it on level 5 of the Lair of Beasts)

   It inflicts no extra harm, but heals its wielder when it wounds a living foe.
   It greatly protects you from cold.
   It affects your magic capacity (-9).
 X - the +5 spear "Giantslayer" {vorpal, +Fly rC+ Str+3 Dex-2}
   (You found it on level 6 of the Lair of Beasts)

   It inflicts extra damage upon your enemies.
   It affects your strength (+3).
   It affects your dexterity (-2).
   It protects you from cold.
   It lets you fly.
Missiles
 o - 70 poisoned darts
 x - 13 silver javelins
 B - 3 throwing nets
Armour
 p - a +0 pair of gloves (worn)
 v - a +0 buckler (worn)
 D - a +1 pair of boots (worn)
 J - a +0 troll leather armour (worn)
 L - a +2 helmet (worn)
 N - a +1 plate armour of poison resistance
Jewellery
 a - a ring of ice
 c - an amulet of guardian spirit
 t - a ring of protection from fire (right hand)
 F - an amulet of magic regeneration (around neck)
 I - a ring of flight
 V - the ring of the Crown (left hand) {Wiz *Corrode rF+ Dex+7}
   (You found it on level 5 of the Lair of Beasts)

   [ring of wizardry]

   It improves your spell success rate.
   It affects your dexterity (+7).
   It protects you from fire.
   It may corrode you when you take damage.
Wands
 n - a wand of mindburst (5)
 y - a wand of flame (10)
 C - a wand of iceblast (8)
 E - a wand of digging (2)
 G - a wand of acid (10)
 K - a wand of polymorph (14)
 M - a wand of paralysis (6)
Scrolls
 b - 8 scrolls of teleportation
 g - a scroll of enchant weapon
 i - a scroll of fear
 j - 6 scrolls of identify
 k - 6 scrolls of amnesia
 m - a scroll of blinking
 q - 3 scrolls of enchant armour
 w - 2 scrolls of magic mapping
 A - 5 scrolls of fog
 W - a scroll of silence
Potions
 d - 4 potions of might
 f - 3 potions of lignification
 r - 2 potions of heal wounds
 s - 4 potions of flight
 u - a potion of cancellation
 z - 2 potions of invisibility
 H - 10 potions of curing
 O - 2 potions of brilliance
 P - 3 potions of mutation
 R - 3 potions of attraction
 S - a potion of magic


   Skills:
 + Level 11.1 Fighting
 + Level 10.8 Short Blades
 + Level 10.8 Long Blades
 + Level 10.8 Axes
 + Level 10.8 Maces & Flails
 + Level 10.8 Polearms
 + Level 11.7 Staves
 + Level 10.8 Slings
 + Level 10.8 Bows
 + Level 11.7 Crossbows
 + Level 10.8 Throwing
 + Level 10.8 Armour
 + Level 11.1 Dodging
 + Level 12.2 Stealth
 + Level 11.1 Shields
 + Level 10.8 Unarmed Combat
 + Level 10.8 Spellcasting
 + Level 9.2 Conjurations
 + Level 9.2 Hexes
 + Level 9.2 Summonings
 + Level 9.2 Necromancy
 + Level 9.2 Translocations
 + Level 9.2 Transmutations
 + Level 9.2 Fire Magic
 + Level 9.2 Ice Magic
 + Level 9.2 Air Magic
 + Level 9.2 Earth Magic
 + Level 9.2 Poison Magic
 + Level 11.7 Invocations
 + Level 10.8 Evocations


You had 25 spell levels left.
You knew the following spells:

 Your Spells              Type           Power      Damage    Failure   Level
a - Borgnjor's Vile Clut  Necr/Erth      31%        N/A       1%          5
b - Death Channel         Necr           31%        N/A       5%          6

Your spell library contained the following spells:

 Spells                   Type           Power      Damage    Failure   Level
 Animate Skeleton         Necr           100%       N/A       1%          1
 Pain                     Necr           100%       1d9       1%          1
 Gell's Gravitas          Tloc           31%        N/A       1%          3
 Portal Projectile        Hex/Tloc       100%       N/A       1%          3
 Vampiric Draining        Necr           31%        2d10      1%          3
 Animate Dead             Necr           31%        N/A       1%          4
 Manifold Assault         Tloc           62%        N/A       1%          4
 Passage of Golubria      Tloc           N/A        N/A       1%          4
 Agony                    Necr           62%        N/A       1%          5
 Dispersal                Tloc           31%        N/A       5%          6
 Simulacrum               Ice/Necr       31%        N/A       5%          6
 Disjunction              Tloc           31%        N/A       89%         8


Dungeon Overview and Level Annotations

Branches:
Dungeon (11/15)            Temple (0/1) D:6            Lair (6/6) D:10
 Shoals (3/4) Lair:2       Spider (0/4) Lair:2        Slime (0/5) Lair:5
    Orc (2/2) D:9             Elf (0/3) Orc:2       Volcano (visited)

Altars:
Ashenzari
Cheibriados
Dithmenos
Fedhas
Gozag
Kikubaaqudgha
Makhleb
Nemelex Xobeh
Qazlal
Ru
Sif Muna
Uskayaw
Vehumet
Wu Jian
Xom
Zin
Beogh

Shops:
D:7 (   D:8 *   D:9 *   D:10 !   Orc:1 [   Orc:2 ?=*[   Shoals:1 *

Portals:
Pandemonium: Orc:2

Annotations:
D:5 1 runed translucent door, MiFiHotspot's ghost, novice MiFi
D:8 Gastronok; Psyche
Lair:1 exclusion: 2 oklob plants
Lair:4 1 runed translucent door, Mexzic's ghost, journeyman TeCj
Shoals:1 3 runed translucent doors, exclusions: obsidian statue and oklob plant, dbrn's ghost, journeyman HOFi
Shoals:3 Ilsuiw


Innate Abilities, Weirdness & Mutations

You have very sharp teeth.
Your uncanny sense of smell can sniff out nearby items.
Your experience applies equally to all skills.


Message History

The zombie hands constrict the merfolk siren.
The zombie hands constrict the faun.
The merfolk siren chants its luring song.
The merfolk hits you from afar with a +0 trident!
* * * LOW HITPOINT WARNING * * *
You can feel time thicken for a moment.
The zombie hands constrict the merfolk siren!
The zombie hands constrict the faun!
The merfolk siren chants its luring song.
The faun unwields a +0 quarterstaff.
The faun wields a +0 hunting sling.
The faun shoots a sling bullet.
The sling bullet hits you.
* * * LOW HITPOINT WARNING * * *
The merfolk hits you from afar with a +0 trident!
* * * LOW HITPOINT WARNING * * *
You feel much better.
The zombie hands constrict the merfolk siren!
You break out of your daze!
You kill the merfolk siren!
Cheibriados thoroughly appreciates the change of pace.
The zombie hands constrict the faun!
The merfolk closely misses you.
The faun shoots a sling bullet.
The sling bullet hits you.
* * * LOW HITPOINT WARNING * * *
You can feel time thicken for a moment.
You kill the faun!
Cheibriados appreciates the change of pace.
You kill the faun!
Cheibriados appreciates the change of pace.
Cheibriados lowers the support of your attributes as your movement quickens.
The merfolk hits you from afar with a +0 trident!
* * * LOW HITPOINT WARNING * * *
You can feel time thicken for a moment.
Cheibriados lowers the support of your attributes as your movement quickens.
The merfolk completely misses you.
You can feel time thicken for a moment.
You kill the merfolk!
Cheibriados appreciates the change of pace.
Cornered, the satyr turns to fight!
You tear a large gash into the net.
The satyr shoots an arrow.
The arrow hits you!!
You die...

....... .......
≈ #?.... ≈≈
#..≈.. .≈≈
..... )..≈
#...###....≈
#.........≈≈
#...@≈)).≈≈≈
#.....≈...≈≈≈
....≈≈≈)....≈≈≈
....≈≈≈>..≈≈≈≈≈
...≈≈≈≈..≈≈≈≈≈≈
..≈≈≈≈≈≈≈≈≈c≈≈≈
.≈≈≈...≈≈≈≈≈≈≈≈
...≈..≈≈≈≈≈≈≈≈≈


You could see a satyr.

Vanquished Creatures
  Polyphemus (Shoals:2)
  Nessos (Orc:2)
  A merfolk javelineer (Shoals:2)
  4 merfolk impalers
  Fannar (D:10)
  8 hydras
  2 boulder beetles
  A catoblepas (Shoals:2)
  An alligator snapping turtle (Shoals:2)
  4 merfolk avatars
  5 two-headed ogres
  3 orc high priests (Orc:2)
  9 death yaks
  Urug (D:10)
  2 sun demons (Orc:2)
  9 sea snakes
  2 torturous demonspawn (Orc:2)
  A lindwurm (Lair:1)
  5 orc knights (Orc:2)
  5 harpies (Shoals:1)
  11 fauns
  3 wolf spiders (Lair:5)
  4 ugly things (D:11)
  8 orc sorcerers (Orc:2)
  Joseph (D:8)
  8 manticores
  5 black mambas
  10 merfolk sirens
  2 gargoyles (D:11)
  16 elephants
  A water nymph (Shoals:2)
  13 cane toads
  8 komodo dragons
  A rime drake (Lair:3)
  11 merfolk
  4 trolls
  2 wind drakes
  Prince Ribbit (D:6)
  Grinder (D:6)
  2 hornets (Lair:6)
  4 polar bears (Lair:6)
  12 dream sheep (Lair:6)
  3 snapping turtles
  25 blink frogs
  Sigmund (D:3)
  3 redbacks
  12 spriggans (Lair:6)
  5 basilisks
  A wraith (D:11)
  2 fire bats (Volcano)
  3 water elementals
  31 yaks
  3 wyverns
  A ynoxinul (Orc:2)
  A neqoxec (Orc:2)
  A warg (Orc:1)
  15 water moccasins
  3 ice beasts
  3 sky beasts
  4 black bears
  26 orc warriors
  An eye of draining (D:8)
  A necrophage (D:11)
  10 ogres
  5 boggarts (Lair:6)
  56 wolves
  2 centaurs
  2 phantoms
  2 kobold brigands
  12 bullfrogs
  2 gnoll sergeants
  14 scorpions
  3 killer bees (D:9)
  5 wights (D:8)
  4 howler monkeys
  3 electric eels (D:10)
  6 lava snakes (Volcano)
  11 hounds
  4 jellies
  2 quasits (D:9)
  3 centaur zombies
  23 orc priests
  A centaur skeleton (D:9)
  A bullfrog skeleton (D:10)
  Terence (D:2)
  3 iguanas
  7 worker ants
  6 orc wizards
  6 hell rats (Lair:3)
  A hound skeleton (D:8)
  A hound zombie (D:5)
  2 worker ant zombies
  17 adders
  14 gnolls
  2 shadow imps (D:7)
  2 white imps
  An ufetubus (D:5)
  6 oozes
  3 adder skeletons
  An adder zombie (D:8)
  3 worms
  A dart slug (D:1)
  A leopard gecko (D:11)
  67 orcs
  11 giant cockroaches
  6 hobgoblins
  13 jackals
  3 quokkas
  A ball python (D:7)
  A ball python zombie (D:5)
  12 bats
  6 frilled lizards
  13 goblins
  18 kobolds
  2 leopard gecko skeletons
  2 quokka skeletons
  7 rats
  A butterfly (Lair:6)
  2 tentacles (Shoals:1)
753 creatures vanquished.

Vanquished Creatures (collateral kills)
  An orc priest (Orc:2)
  4 orcs (Orc:2)
5 creatures vanquished.

Vanquished Creatures (others)
  A troll (D:11)
  49 fungi
  56 plants
  7 tentacles (Shoals:1)
113 creatures vanquished.

Grand Total: 871 creatures vanquished

Notes
Turn   | Place    | Note
-------+----------+-------------------------------------------
     0 | D:1      | ReteAZ the Gnoll Wanderer began the quest for the Orb.
     0 | D:1      | ReteAZ set off with the following items: a +2 quarterstaff,
                  | a scroll of teleportation, a potion of curing, a +0 robe, a
                  | +0 dagger
     0 | D:1      | Reached XP level 1. HP: 17/17 MP: 1/1
     1 | D:1      | Found a runed translucent door.
   127 | D:1      | Reached XP level 2. HP: 13/23 MP: 2/2
  1140 | D:2      | Noticed Terence
  1367 | D:2      | Reached XP level 3. HP: 25/28 MP: 3/3
  1376 | D:2      | Found an ancient bone altar of Kikubaaqudgha.
  1409 | D:2      | Reached skill level 6 in Stealth
  1518 | D:2      | Reached skill level 1 in Invocations
  1892 | D:2      | Reached skill level 1 in Short Blades
  1892 | D:2      | Reached skill level 1 in Long Blades
  1892 | D:2      | Reached skill level 1 in Axes
  1892 | D:2      | Reached skill level 1 in Maces & Flails
  1892 | D:2      | Reached skill level 1 in Polearms
  1892 | D:2      | Reached skill level 1 in Slings
  1892 | D:2      | Reached skill level 1 in Bows
  1892 | D:2      | Reached skill level 1 in Throwing
  1892 | D:2      | Reached skill level 1 in Armour
  1892 | D:2      | Reached skill level 1 in Unarmed Combat
  1892 | D:2      | Reached skill level 1 in Spellcasting
  1892 | D:2      | Reached skill level 1 in Evocations
  1934 | D:2      | Found an ornate altar of the Wu Jian Council.
  2016 | D:2      | Killed Terence
  2017 | D:2      | Reached XP level 4. HP: 19/34 MP: 3/5
  2485 | D:2      | Reached skill level 1 in Conjurations
  2485 | D:2      | Reached skill level 1 in Hexes
  2485 | D:2      | Reached skill level 1 in Summonings
  2485 | D:2      | Reached skill level 1 in Necromancy
  2485 | D:2      | Reached skill level 1 in Translocations
  2485 | D:2      | Reached skill level 1 in Transmutations
  2485 | D:2      | Reached skill level 1 in Fire Magic
  2485 | D:2      | Reached skill level 1 in Ice Magic
  2485 | D:2      | Reached skill level 1 in Air Magic
  2485 | D:2      | Reached skill level 1 in Earth Magic
  2485 | D:2      | Reached skill level 1 in Poison Magic
  2770 | D:3      | Found a sacrificial altar of Ru.
  2911 | D:3      | Reached XP level 5. HP: 38/40 MP: 4/7
  2951 | D:3      | Noticed Sigmund
  3434 | D:3      | Found a snail-covered altar of Cheibriados.
  3481 | D:3      | Became a worshipper of Cheibriados the Contemplative
  3580 | D:3      | Found a faded altar of an unknown god.
  3885 | D:3      | Killed Sigmund
  3886 | D:3      | Reached skill level 5 in Staves
  3886 | D:3      | Reached skill level 5 in Crossbows
  3886 | D:3      | Reached XP level 6. HP: 6/47 MP: 1/9
  4343 | D:3      | Found a blossoming altar of Fedhas.
  4483 | D:1      | Reached * piety under Cheibriados
  4697 | D:4      | Found a broken altar of Ashenzari.
  4750 | D:4      | Reached XP level 7. HP: 34/52 MP: 5/10
  4917 | D:4      | HP: 2/52 [poisoned by a worker ant]
  4922 | D:4      | HP: 2/52 [poisoned by a worker ant]
  4928 | D:4      | HP: 2/52 [poisoned by a worker ant]
  4934 | D:4      | HP: 2/52 [poisoned by a worker ant]
  4940 | D:4      | HP: 2/52 [poisoned by a worker ant]
  5755 | D:4      | Found a shimmering altar of Xom.
  6131 | D:4      | Reached ** piety under Cheibriados
  6697 | D:5      | Entered Level 5 of the Dungeon
  7311 | D:5      | Reached XP level 8. HP: 56/60 MP: 10/12
  7630 | D:5      | Found a runed translucent door.
  8232 | D:5      | Noticed MiFiHotspot's ghost (novice MiFi)
  8337 | D:6      | Reached *** piety under Cheibriados
  8360 | D:6      | Found a glowing silver altar of Zin.
  8360 | D:6      | Found an opulent altar of Gozag.
  8373 | D:6      | Noticed Grinder
  8593 | D:6      | Found a burning altar of Makhleb.
  8598 | D:6      | Noticed Prince Ribbit
  8618 | D:6      | Killed Prince Ribbit
  8619 | D:6      | Reached skill level 7 in Stealth
  8738 | D:6      | Paralysed by Grinder for 6 turns
  8747 | D:6      | Paralysed by Grinder for 7 turns
  8757 | D:6      | Killed Grinder
  8914 | D:6      | Reached XP level 9. HP: 57/66 MP: 10/14
  9143 | D:6      | Found a staircase to the Ecumenical Temple.
  9394 | D:7      | Found a shadowy altar of Dithmenos.
  9461 | D:7      | Found a sparkling altar of Nemelex Xobeh.
  9516 | D:7      | Noticed a troll
  9526 | D:7      | Killed a troll
  9527 | D:7      | Reached skill level 5 in Fighting
  9527 | D:7      | Reached skill level 5 in Dodging
  9527 | D:7      | Reached skill level 5 in Shields
  9597 | D:7      | Reached **** piety under Cheibriados
  9831 | D:7      | Found a shimmering blue altar of Sif Muna.
  9831 | D:7      | Found a stormy altar of Qazlal.
 10031 | D:7      | Found Fidev's Weapon Emporium.
 10324 | D:8      | Noticed a two-headed ogre
 10335 | D:8      | Reached skill level 5 in Invocations
 10346 | D:8      | Killed a two-headed ogre
 10347 | D:8      | Reached XP level 10. HP: 23/75 MP: 5/17
 10414 | D:8      | Reached skill level 5 in Short Blades
 10414 | D:8      | Reached skill level 5 in Long Blades
 10414 | D:8      | Reached skill level 5 in Axes
 10414 | D:8      | Reached skill level 5 in Maces & Flails
 10414 | D:8      | Reached skill level 5 in Polearms
 10414 | D:8      | Reached skill level 5 in Slings
 10414 | D:8      | Reached skill level 5 in Bows
 10414 | D:8      | Reached skill level 5 in Throwing
 10414 | D:8      | Reached skill level 5 in Armour
 10414 | D:8      | Reached skill level 5 in Unarmed Combat
 10414 | D:8      | Reached skill level 5 in Spellcasting
 10414 | D:8      | Reached skill level 5 in Evocations
 10687 | D:8      | Noticed Joseph
 10696 | D:8      | Killed Joseph
 10697 | D:8      | Reached skill level 8 in Stealth
 10907 | D:8      | Reached ***** piety under Cheibriados
 10969 | D:8      | Noticed Gastronok
 10975 | D:8      | Found Benar's Sacrilege Store.
 10975 | D:8      | Noticed Psyche
 11285 | D:9      | Noticed a two-headed ogre
 11301 | D:9      | Killed a two-headed ogre
 11428 | D:9      | Found a staircase to the Orcish Mines.
 11637 | D:9      | Found Geili's General Store.
 12481 | D:10     | Entered Level 10 of the Dungeon
 12538 | D:10     | Reached XP level 11. HP: 78/83 MP: 17/19
 13281 | D:10     | Found Zattiydgh's Distillery.
 13416 | D:10     | Reached skill level 5 in Conjurations
 13416 | D:10     | Reached skill level 5 in Hexes
 13416 | D:10     | Reached skill level 5 in Summonings
 13416 | D:10     | Reached skill level 5 in Necromancy
 13416 | D:10     | Reached skill level 5 in Translocations
 13416 | D:10     | Reached skill level 5 in Transmutations
 13416 | D:10     | Reached skill level 5 in Fire Magic
 13416 | D:10     | Reached skill level 5 in Ice Magic
 13416 | D:10     | Reached skill level 5 in Air Magic
 13416 | D:10     | Reached skill level 5 in Earth Magic
 13416 | D:10     | Reached skill level 5 in Poison Magic
 13488 | D:10     | Noticed Fannar
 13533 | D:10     | Noticed Urug
 13884 | Orc:1    | Entered Level 1 of the Orcish Mines
 14350 | Orc:1    | Found Fipokhlie's Armour Shop.
 14553 | Orc:2    | Entered Level 2 of the Orcish Mines
 14555 | Orc:2    | Noticed Nessos
 14626 | D:11     | Noticed a purple ugly thing
 14638 | D:11     | Killed a purple ugly thing
 14760 | D:11     | Noticed a purple ugly thing
 14772 | D:11     | Killed a purple ugly thing
 14938 | D:11     | Noticed a two-headed ogre
 14938 | D:11     | Noticed a two-headed ogre
 14950 | D:11     | Killed a two-headed ogre
 14957 | D:11     | Killed a two-headed ogre
 14958 | D:11     | Reached skill level 9 in Stealth
 15260 | D:11     | Noticed a two-headed ogre
 15266 | D:11     | Killed a two-headed ogre
 15453 | D:11     | Reached XP level 12. HP: 91/91 MP: 20/22
 15943 | D:10     | Found a staircase to the Lair.
 16097 | D:10     | Killed Urug
 16286 | Lair:1   | Entered Level 1 of the Lair of Beasts
 16723 | Lair:1   | Found a dark tunnel.
 16768 | Volcano  | Entered a volcano
 17728 | Lair:1   | Noticed a four-headed hydra
 18246 | Lair:1   | Killed a four-headed hydra
 18422 | Lair:2   | Found a hole to the Spider Nest.
 18431 | Lair:2   | Reached ****** piety under Cheibriados
 18800 | Lair:2   | Found a staircase to the Shoals.
 19196 | Lair:3   | Noticed a six-headed hydra
 19203 | Lair:3   | Killed a six-headed hydra
 19204 | Lair:3   | Reached XP level 13. HP: 51/99 MP: 8/24
 19404 | Lair:3   | Reached skill level 10 in Stealth
 20300 | Lair:4   | Found a frozen archway.
 20315 | Lair:4   | Learned a level 5 spell: Borgnjor's Vile Clutch
 20681 | Lair:4   | Found a hide-covered altar of Uskayaw.
 20682 | Lair:4   | Found an ornate altar of the Wu Jian Council.
 20877 | Lair:4   | Found a runed translucent door.
 20877 | Lair:4   | Noticed Mexzic's ghost (journeyman TeCj)
 21269 | Lair:5   | Found a runed translucent door.
 21591 | Lair:5   | Reached XP level 14. HP: 108/108 MP: 17/26
 21869 | Lair:5   | Found a staircase to the Slime Pits.
 21924 | Lair:5   | Reached skill level 10 in Staves
 21924 | Lair:5   | Reached skill level 10 in Crossbows
 23069 | Lair:5   | Identified the +4 whip of the Ship {vamp, rC++ MP-9}
 23072 | Lair:5   | Identified the +0 hat of the Sky {Rampage *Corrode *Slow
                  | Str+6}
 23210 | Lair:5   | Identified the ring of the Crown {Wiz *Corrode rF+ Dex+7}
 23291 | Lair:6   | Entered Level 6 of the Lair of Beasts
 23506 | Lair:6   | Reached skill level 10 in Invocations
 24156 | Lair:6   | Reached skill level 11 in Stealth
 24369 | Lair:6   | Identified the +5 spear "Giantslayer" {vorpal, +Fly rC+
                  | Str+3 Dex-2}
 24560 | Lair:6   | Reached skill level 10 in Fighting
 24560 | Lair:6   | Reached skill level 10 in Dodging
 24560 | Lair:6   | Reached skill level 10 in Shields
 24643 | Lair:6   | Reached XP level 15. HP: 103/115 MP: 13/28
 25135 | D:10     | Killed Fannar
 25450 | Orc:2    | Killed Nessos
 25672 | Orc:2    | Learned a level 6 spell: Death Channel
 25698 | Orc:2    | Found Xitzyhiu's General Store.
 25748 | Orc:2    | Found Xyestuji's Magic Scroll Emporium.
 25813 | Orc:2    | Bought a scroll of brand weapon for 260 gold pieces
 25906 | Orc:2    | Reached skill level 10 in Short Blades
 25906 | Orc:2    | Reached skill level 10 in Long Blades
 25906 | Orc:2    | Reached skill level 10 in Axes
 25906 | Orc:2    | Reached skill level 10 in Maces & Flails
 25906 | Orc:2    | Reached skill level 10 in Polearms
 25906 | Orc:2    | Reached skill level 10 in Slings
 25906 | Orc:2    | Reached skill level 10 in Bows
 25906 | Orc:2    | Reached skill level 10 in Throwing
 25906 | Orc:2    | Reached skill level 10 in Armour
 25906 | Orc:2    | Reached skill level 10 in Unarmed Combat
 25906 | Orc:2    | Reached skill level 10 in Spellcasting
 25906 | Orc:2    | Reached skill level 10 in Evocations
 26012 | Orc:2    | Found Oppetopti's Jewellery Shop.
 26012 | Orc:2    | Found Adghentut's Antique Armour Boutique.
 26012 | Orc:2    | Found a one-way gate leading to the halls of Pandemonium.
 26444 | Orc:2    | Found a staircase to the Elven Halls.
 26663 | Shoals:1 | Entered Level 1 of the Shoals
 26663 | Shoals:1 | Found a radiant altar of Vehumet.
 26738 | Shoals:1 | Found a runed translucent gate.
 26748 | Shoals:1 | Found a runed translucent gate.
 26770 | Shoals:1 | Found a runed translucent gate.
 26771 | Shoals:1 | Found an opulent altar of Gozag.
 26771 | Shoals:1 | Found Hig Reth's Assorted Antiques.
 26775 | Shoals:1 | Noticed dbrn's ghost (journeyman HOFi)
 27239 | Shoals:1 | Noticed a kraken
 27311 | Shoals:1 | Identified the +3 falchion of Equivalence {drain, +Blink
                  | rElec rN+ Dex-2}
 27701 | Shoals:2 | Reached XP level 16. HP: 90/124 MP: 13/30
 27964 | Shoals:2 | Reached skill level 12 in Stealth
 28063 | Shoals:2 | Noticed Polyphemus
 28202 | Shoals:2 | Killed Polyphemus
 28516 | Shoals:3 | Noticed Ilsuiw
 28642 | Shoals:3 | Shot with an arrow by a satyr

Illustrated notes

Levels and vault maps discovered:
D:1:      dpeg_arrival_caged_fury, layout_basic, minmay_fountain_box,
          chequers_jeans
D:2:      layout_rooms, kiku_gazebo_pond_becter,
          nicolae_wu_jian_immortal_techniques, uniq_terence
D:3:      layout_basic, cheibriados_altar_1, hangedman_ru_absence,
          chequers_ecumenical_altar_island, chequers_serial_rivers_room_a,
          minmay_stone_trees_small, fedhas_altar_1, uniq_sigmund
D:4:      layout_layer_cave, nicolae_ashenzari_skybound, tgw_xom
D:5:      old_forge, layout_basic, ebering_ghost_reflecting_pool
D:6:      layout_cave_pools, grunt_temple_overflow_gold_and_silver,
          general_overflow_altar, minmay_temple_entry_enclosed_plants,
          uniq_prince_ribbit1, uniq_grinder
D:7:      layout_gridville, lemuel_doored_altar,
          nemelex_xobeh_ov_fountains_minmay, gammafunk_temple_overflow_elements,
          serial_shops, shop_statue
D:8:      layout_basic, nicolae_evil_shop, uniq_psyche, uniq_gastronok,
          uniq_joseph
D:9:      layout_gridville, orc_0_dummy, serial_shops, nicolae_shop_crystal,
          st_stairs_11, david_defended_altar_orc
D:10:     layout_loops_corners, erik_lair_island, serial_shops,
          nicolae_shop_trees, uniq_fannar, uniq_urug
D:11:     layout_gridville, kennysheep_another_room
Lair:1:   layout_loops_ring, nicolae_volcano_entry_vermiform,
          minmay_lair_oklob_chamber, grunt_megastairs_2, serial_bayou_shore_b
Lair:2:   layout_gridlike, minmay_shoals_entry_hut, spider_nest_entry_rubble
Lair:3:   layout_hall_layers, grunt_forest_large_clearings
Lair:4:   layout_regular_city, portal_ice_cave_entry_pillars_1,
          gammafunk_ghost_grave, hangedman_lair_unloving_vines, minmay_holes,
          nzn_masters_of_martial_movement, lemuel_fruit_fields
Lair:5:   gammafunk_indiana_jones, layout_cave_pods, dpeg_slime_entry_corner
Lair:6:   minmay_lair_end_enchanted_forest, layout_loops_ring
Shoals:1: layout_shoals, ebering_ghost_gozag, lemuel_oklob_altar
Shoals:2: cheibrodos_shoals_epimethial_gifts, layout_shoals, uniq_polyphemus
Shoals:3: layout_shoals, serial_shops, nicolae_shop_window_shopping,
          nicolae_shoals_dead_sea_scrolls, uniq_ilsuiw
Orc:1:    layout_caves, serial_shops, shop
Orc:2:    pf_orc_diabolical, layout_caves, nicolae_orc_lost_temple, uniq_nessos

Skill      XL: |  1  2  3  4  5  6  7  8  9 10 11 12 13 14 15 16 |
---------------+-------------------------------------------------+-----
Stealth        | 6 7 8 9 10 11 12 | 12.2
Invocations    | 1 2 3 4 5 6 7 8 9 10 11 | 11.7
Short Blades   | 1 2 3 4 5 6 7 8 9 10 | 10.8
Long Blades    | 1 2 3 4 5 6 7 8 9 10 | 10.8
Axes           | 1 2 3 4 5 6 7 8 9 10 | 10.8
Maces & Flails | 1 2 3 4 5 6 7 8 9 10 | 10.8
Polearms       | 1 2 3 4 5 6 7 8 9 10 | 10.8
Slings         | 1 2 3 4 5 6 7 8 9 10 | 10.8
Bows           | 1 2 3 4 5 6 7 8 9 10 | 10.8
Throwing       | 1 2 3 4 5 6 7 8 9 10 | 10.8
Armour         | 1 2 3 4 5 6 7 8 9 10 | 10.8
Unarmed Combat | 1 2 3 4 5 6 7 8 9 10 | 10.8
Spellcasting   | 1 2 3 4 5 6 7 8 9 10 | 10.8
Evocations     | 1 2 3 4 5 6 7 8 9 10 | 10.8
Conjurations   | 1 2 3 4 5 6 7 8 9 |  9.2
Hexes          | 1 2 3 4 5 6 7 8 9 |  9.2
Summonings     | 1 2 3 4 5 6 7 8 9 |  9.2
Necromancy     | 1 2 3 4 5 6 7 8 9 |  9.2
Translocations | 1 2 3 4 5 6 7 8 9 |  9.2
Transmutations | 1 2 3 4 5 6 7 8 9 |  9.2
Fire Magic     | 1 2 3 4 5 6 7 8 9 |  9.2
Ice Magic      | 1 2 3 4 5 6 7 8 9 |  9.2
Air Magic      | 1 2 3 4 5 6 7 8 9 |  9.2
Earth Magic    | 1 2 3 4 5 6 7 8 9 |  9.2
Poison Magic   | 1 2 3 4 5 6 7 8 9 |  9.2
Fighting       | 3 4 5 6 7 8 9 10 11 | 11.1
Dodging        | 3 4 5 6 7 8 9 10 11 | 11.1
Shields        | 3 4 5 6 7 8 9 10 11 | 11.1
Staves         | 5 6 7 8 9 10 11 | 11.7
Crossbows      | 5 6 7 8 9 10 11 | 11.7

Action                   |  1- 3 |  4- 6 |  7- 9 | 10-12 | 13-15 | 16-18 || total
-------------------------+-------+-------+-------+-------+-------+-------++-------
Melee: Dagger            |   137 |       |       |       |       |       ||   137
       Bite              |    10 |    13 |    58 |   179 |   149 |    24 ||   433
       Quarterstaff      |     3 |   177 |   364 |   529 |       |       ||  1073
       Demon trident     |       |       |       |   211 |   725 |    92 ||  1028
       Whip              |       |       |       |       |    14 |       ||    14
Throw: Dart              |       |       |    31 |    50 |       |       ||    81
       Throwing net      |       |       |       |     1 |       |       ||     1
 Cast: Borgnjor's Vile C |       |       |       |       |   173 |    41 ||   214
       Death Channel     |       |       |       |       |     3 |       ||     3
Invok: Slouch            |       |       |       |     5 |    11 |     7 ||    23
Evoke: Wand              |       |     4 |     4 |    19 |       |       ||    27
  Use: Potion            |     1 |       |     3 |     3 |     1 |     2 ||    10
       Scroll            |       |       |       |    17 |    11 |     1 ||    29
 Stab: Sleeping          |     6 |     6 |     4 |     9 |     9 |       ||    34
       Paralysed         |       |       |     9 |       |       |       ||     9
       Distracted        |       |       |       |     1 |     4 |       ||     5
Armor: Robe              |    12 |    29 |     1 |       |       |       ||    42
       Chain mail        |       |       |   148 |       |       |       ||   148
       Troll leather arm |       |       |    18 |    95 |   105 |    20 ||   238
       Plate armour      |       |       |       |   228 |       |       ||   228
Dodge: Dodged            |    51 |   106 |   222 |   651 |   595 |    96 ||  1721
Block: Buckler           |       |       |       |    98 |   306 |    41 ||   445

Table legend: (Time is in decaauts)
 A = Elapsed time spent in this place.
 B = Non-inter-level travel time spent in this place.
 C = Inter-level travel time spent in this place.
 D = Time resting spent in this place.
 E = Time spent auto-exploring this place.
 F = Levels seen in this place.
 G = Mean time per level.
                   A        B        C        D        E       F      G
               +--------+--------+--------+--------+--------+-----+--------+
         Total |  39558 |  37715 |   1843 |   4733 |  25077 |  23 | 1719.9 |
       Dungeon |  20494 |  19573 |    921 |   3253 |  12510 |  11 | 1863.1 |
          Lair |  12634 |  11944 |    690 |    744 |   9435 |   6 | 2105.7 |
        Shoals |   2996 |   2923 |     73 |    205 |   1681 |   3 |  998.7 |
  Orcish Mines |   2405 |   2247 |    158 |    187 |   1364 |   2 | 1202.5 |
       Volcano |   1027 |   1027 |      0 |    344 |     86 |   1 | 1027.0 |
               +--------+--------+--------+--------+--------+-----+--------+

Top non-repeatable levels by time:
  Lair:5: 3184 daAuts
    D:10: 2634 daAuts
     D:9: 2547 daAuts
     D:4: 2345 daAuts
  Lair:6: 2277 daAuts
  Lair:1: 2251 daAuts
     D:5: 1946 daAuts
     D:2: 1803 daAuts
  Lair:3: 1724 daAuts
Shoals:2: 1720 daAuts
   Orc:2: 1699 daAuts
     D:8: 1663 daAuts
    D:11: 1656 daAuts
  Lair:4: 1615 daAuts
     D:3: 1602 daAuts
